 Seeded DCSS version 0.30.1-9-gdf580d7c3d (webtiles) character file.

Game seed: 6351066067085065685 (custom seed)

61 Esekla the Magician (level 3, -3/19 HPs)
             Began as a Deep Elf Wanderer on Oct 22, 2023.
             Was a Follower of Vehumet.
             Slain by a gnoll
             ... wielding a +0 flail
              (12 damage)
             ... on level 2 of the Dungeon.
             The game lasted 00:16:54 (1628 turns).

Esekla the Magician (Deep Elf Wanderer)             Turns: 1628, Time: 00:16:54

Health: -3/19      AC:  4    Str: 11    XL:     3   Next: 83%
Magic:  9/12       EV: 11    Int: 19    God:    Vehumet [*.....]
Gold:   173        SH:  4    Dex: 14    Spells: 6/13 levels left

rFire   . . .        s - +5 rapier of the Hero {heavy, rN+ Dex+3}
rCold   . . .        d - +0 buckler
rNeg    + . .        c - +0 robe
rPois   .            l - +0 helmet
rElec   .            (no cloak)
rCorr   .            k - +0 pair of gloves
SInv    .            (no boots)
Will    .....        (no amulet)
Stlth   ++           (no ring)
HPRegen 0.23/turn    (no ring)
MPRegen 0.13/turn

%: no passive effects
@: no status effects
A: no striking features
a: Renounce Religion


You were on level 2 of the Dungeon.
You worshipped Vehumet.
Vehumet was aware of your devotion.
You visited 1 branch of the dungeon, and saw 4 of its levels.

You collected 173 gold pieces.

Inventory:

Hand Weapons
 a - a +1 short sword of freezing
 s - the +5 rapier of the Hero (weapon) {heavy, rN+ Dex+3}
   (You found it on level 3 of the Dungeon)

   Dex:       It affects your dexterity (+3).
   rN:        It protects you from negative energy.
Armour
 c - a +0 robe (worn)
 d - a +0 buckler (worn)
 k - a +0 pair of gloves (worn)
 l - a +0 helmet (worn)
Wands
 r - a wand of roots (8)
Scrolls
 g - a scroll of identify {unknown}
 n - a scroll of enchant armour {unknown}
 o - a scroll of amnesia {unknown}
 p - a scroll of immolation {unknown}
 q - a scroll of blinking {unknown}
 u - a scroll of fog {unknown}
Potions
 b - a potion of lignification
 e - a potion of ambrosia {unknown}
 f - 2 potions of attraction {unknown}
 h - a potion of heal wounds {unknown}
 i - a potion of haste {unknown}
 j - 2 potions of curing {unknown}
 m - a potion of mutation {unknown}
 t - 2 potions of brilliance {unknown}


   Skills:
 + Level 1.0 Short Blades
 * Level 1.0 Dodging
 + Level 1.6 Stealth
 + Level 1.5 Shields
 * Level 5.6 Spellcasting
 + Level 0.7 Conjurations
 * Level 0.9 Necromancy
 + Level 2.3 Translocations
 + Level 1.0 Invocations


You had 6 spell levels left.
You knew the following spells:

 Your Spells              Type           Power      Damage    Failure   Level
a - Magic Dart            Conj           32%        1d4       13%         1
b - Blink                 Tloc           28%        N/A       10%         2
d - Vampiric Draining     Necr           9%         2d6       34%         3
p - Apportation           Tloc           28%        N/A       7%          1

Your spell library contained the following spells:

 Spells                   Type           Power      Damage    Failure   Level
 Kiss of Death            Conj/Necr      32%        2d7       12%         1
 Lesser Beckoning         Tloc           28%        N/A       10%         2
 Gell's Gravitas          Tloc           14%        N/A       21%         3
 Teleport Other           Tloc           14%        N/A       21%         3
 Ignite Poison            Fire/Tmut/Pois 5%         N/A       45%         3


Dungeon Overview and Level Annotations

Branches:
Dungeon (4/15)
 Temple: D:4-7

Altars:
Okawaru
Vehumet
Zin

Shops:
D:2 =


Message History

The gnoll is moderately wounded.
You completely miss the gnoll.
The gnoll is moderately wounded.
The gnoll hits you with a +0 club. The gnoll barely misses you.
The gnoll closely misses you.
You climb upwards.
There is a stone staircase leading down here.
You barely miss the gnoll.
The gnoll is moderately wounded.
The gnoll completely misses you.
You barely miss the gnoll.
The gnoll is moderately wounded.
You block the gnoll's attack. The gnoll closely misses you.
You hit the gnoll.
The gnoll is severely wounded.
The gnoll closely misses you. You block the gnoll's attack.
You puncture the gnoll!
You kill the gnoll!
Vehumet accepts your kill.
Your Short Blades skill increases to level 1!
Things that are here:
a +0 club; a gnoll corpse
There is a stone staircase leading down here.
You start resting.
Magic restored.
You climb downwards.
The gnoll closely misses you.
There is a stone staircase leading up here.
You barely miss the gnoll. The gnoll hits you with a +0 flail.
The gnoll hits you with a +0 flail!
Ouch! That really hurt!
Casting: Magic Dart (safe; 13% risk of failure)
Confirm with . or Enter, or press ? or * to list all spells.
The spell is astonishingly dangerous to miscast (34% risk of failure)!
Continue anyway?
Aiming: Vampiric Draining (astonishingly dangerous; 34% risk of failure)
Press: ? - help, Shift-Dir - straight line, f - gnoll
Aim: a gnoll, wielding a +0 flail You draw life force from the gnoll.
You feel life coursing into your body. The gnoll hits you with a +0 flail!
Ouch! That really hurt!
You die...

..#.############
...............#
....#######.##>#
[...##.......#.#
#...##.####..#.###
#...##.# #......######
#......# #............
##..#######.###..#####
#.....g.....# #g@#
#...#######.# #..#
.#..# #)# #..#
#...#######.# #..#
##..........# #...
#.########## #.## #.#
#.# ##.# #. ...#


You could see a gnoll.

Vanquished Creatures
  A gnoll (D:1)
  An adder (D:2)
  2 dart slugs
  4 endoplasms
  7 goblins
  3 hobgoblins
  A quokka (D:1)
  6 ball pythons
  4 bats
  4 frilled lizards
  4 kobolds
37 creatures vanquished.

Notes
Turn   | Place    | Note
-------+----------+-------------------------------------------
     0 | D:1      | Esekla the Deep Elf Wanderer began the quest for the Orb.
     0 | D:1      | Esekla set off with the following items: a +0 club, a
                  | potion of lignification, a +0 robe, a +0 buckler; and the
                  | following spells available to memorise: Apportation, Blink,
                  | Lesser Beckoning, Magic Dart, Ignite Poison, Vampiric
                  | Draining.
     0 | D:1      | Reached XP level 1. HP: 10/10 MP: 7/7
     2 | D:1      | Learned a level 1 spell: Magic Dart
     4 | D:1      | Learned a level 1 spell: Apportation
   255 | D:2      | Found Renulab's Jewellery Shop.
   486 | D:4      | Found a radiant altar of Vehumet.
   494 | D:4      | Found an iron altar of Okawaru.
   505 | D:4      | Found a glowing silver altar of Zin.
   589 | D:4      | Became a worshipper of Vehumet
   714 | D:3      | Reached skill level 5 in Spellcasting
   714 | D:3      | Reached XP level 2. HP: 15/15 MP: 10/10
   717 | D:3      | Learned a level 2 spell: Blink
   981 | D:3      | Identified the +5 rapier of the Hero {heavy, rN+ Dex+3}
  1210 | D:1      | Reached XP level 3. HP: 18/19 MP: 8/12
  1216 | D:1      | Learned a level 3 spell: Vampiric Draining
  1226 | D:1      | Reached * piety under Vehumet
  1226 | D:1      | Offered knowledge of Kiss of Death by Vehumet.
  1331 | D:1      | Reached skill level 1 in Dodging
  1620 | D:1      | Reached skill level 1 in Short Blades
  1628 | D:2      | Slain by a gnoll

Illustrated notes

Levels and vault maps discovered:
D:1:      sevenhm_arrival_forest_fort_small_3, layout_rooms,
          chequers_serial_rivers_room_b, minmay_misc_feat_five
D:2:      layout_loops_ring, dreamdust_ecumenical_altar_angels_and_demons,
          serial_shops, shop
D:3:      layout_basic, grunt_temple_overflow_open, minmay_misc_feat_iff
D:4:      layout_basic, nicolae_overflow_quartered_altars, serial_shops,
          nicolae_diamond_shop

Skill      XL: |  1  2  3 |
---------------+----------+-----
Spellcasting   | 5 |  5.6
Dodging        | 1 |  1.0
Short Blades   | 1 |  1.0
Stealth        | |  1.6
Shields        | |  1.5
Conjurations   | |  0.7
Necromancy     | |  0.9
Translocations | |  2.3
Invocations    | |  1.0

Action                     || total
---------------------------++-------
  Melee: Short sword       ||    15
         Rapier            ||    42
   Cast: Magic Dart        ||    54
         Apportation       ||    24
         Vampiric Draining ||     1
    Use: Scroll            ||     1
   Stab: Sleeping          ||     2
 Armour: Robe              ||    34
  Dodge: Dodged            ||    53
  Block: Buckler           ||    12
